 Dungeon Crawl Stone Soup version 0.29.1-1-gd02db6906a (webtiles) character file.

Game seed: 14767590770191444853

101773 smilodon the Unseen (level 15, -1/72 HPs)
             Began as a Vampire Enchanter on Sept 25, 2022.
             Was an Initiate of Gozag.
             Slain by a spectral broodmother (7 damage)
             ... called from beyond by a ghost crab
             ... on level 1 of the Spider Nest on Sept 26, 2022.
             The game lasted 02:31:17 (30440 turns).

smilodon the Unseen (Vampire Enchanter)            Turns: 30440, Time: 02:31:36

Health: -1/72      AC: 24    Str: 10    XL:     15   Next: 84%
Magic:  31/31      EV: 15    Int: 21    God:    Gozag
Gold:   2793       SH: 14    Dex: 16    Spells: 14/39 levels left

rFire   + + +      SeeInvis +   C - +4 dagger (venom)
rCold   + + +      Faith    .   W - +2 buckler {AC+3}
rNeg    + + +      Spirit   .   G - +0 ring mail of Recklessness {Regen+ Str+3 Slay-3}
rPois   ∞          Reflect  +   k - +2 helmet of Oblivion {rF++ Regen+ Dex-5 Slay+2}
rElec   +          Harm     .   B - +2 cloak {rF+}
rCorr   +          Rampage  .   t - +2 pair of gloves
Will    +....                   c - +2 pair of boots
Stlth   ++++++++..              H - amulet of the Sturgeon {Reflect Dex+2 SH+5}
HPRegen 0.00/turn               b - ring of Polytheism {rN+ AC+4}
MPRegen 0.22/turn               h - +4 ring of slaying

@: brilliant, about to teleport, resistant, gold aura, bloodless, inhibited
regen, invisible
A: bloodless, fangs 3, see invisible, vampiric 2
a: Bat Form, Revivify, Renounce Religion, Potion Petition, Call Merchant, Bribe
Branch


You were on level 1 of the Spider Nest.
You worshipped Gozag.
Gozag was most pleased with you.
You visited 6 branches of the dungeon, and saw 25 of its levels.
You also visited: Gauntlet and Volcano.

You collected 9014 gold pieces.
You spent 2301 gold pieces at shops.
You paid 3920 gold pieces to Gozag.

Inventory:

Hand Weapons
 C - a +4 dagger of venom (weapon)
 J - a +4 rapier of protection
 V - a +5 short sword of draining
 Y - a +2 dagger of electrocution
Missiles
 f - 39 poisoned darts (quivered)
Armour
 c - a +2 pair of boots (worn)
 k - the +2 helmet of Oblivion (worn) {rF++ Regen+ Dex-5 Slay+2}
   (You acquired it on level 12 of the Dungeon)

   Dex:       It affects your dexterity (-5).
   Slay:      It affects your accuracy & damage with ranged weapons and melee
   (+2).
   rF:        It greatly protects you from fire.
   Regen:     It increases your rate of health regeneration.
 p - a scarf of shadows
 t - a +2 pair of gloves (worn)
 B - a +2 cloak of fire resistance (worn)
 G - the +0 ring mail of Recklessness (worn) {Regen+ Str+3 Slay-3}
   (You found it on level 1 of the Lair of Beasts)

   Str:       It affects your strength (+3).
   Slay:      It affects your accuracy & damage with ranged weapons and melee
   (-3).
   Regen:     It increases your rate of health regeneration.
 W - a +2 buckler of protection (worn)
Jewellery
 b - the ring of Polytheism (left hand) {rN+ AC+4}
   (You found it in a Gauntlet)

   [ring of protection]

   AC:        It affects your AC (+4).
   rN:        It protects you from negative energy.
 g - a +4 ring of protection
 h - a +4 ring of slaying (right hand)
 m - a ring of resist corrosion
 H - the amulet of the Sturgeon (around neck) {Reflect Dex+2 SH+5}
   (You bought it in a shop on level 7 of the Dungeon)

   [amulet of reflection]

   It reflects blocked missile attacks.
   Dex:       It affects your dexterity (+2).
   SH:        It affects your SH (+5).
 M - a +4 ring of evasion
 S - a ring of protection from cold
Wands
 r - a wand of mindburst (4)
 s - a wand of paralysis (24)
 E - a wand of roots (13)
 I - a wand of polymorph (13)
 N - a wand of flame (52)
 R - a wand of digging (4)
Scrolls
 j - 2 scrolls of poison
 l - 3 scrolls of fear
 u - 8 scrolls of teleportation
 v - 4 scrolls of vulnerability
 w - 5 scrolls of butterflies
 y - a scroll of blinking
 A - 2 scrolls of torment
 K - a scroll of immolation
 O - a scroll of enchant armour
 P - 2 scrolls of magic mapping
 Z - 2 scrolls of identify
Potions
 a - 2 potions of flight
 d - a potion of berserk rage
 e - 3 potions of invisibility
 n - 2 potions of brilliance
 o - 6 potions of curing
 q - 3 potions of resistance
 x - 5 potions of lignification
 z - a potion of heal wounds
 D - 3 potions of haste
 F - 2 potions of cancellation
 L - 2 potions of magic
 Q - 7 potions of attraction
 T - 2 potions of might
 U - 2 potions of ambrosia
 X - 2 potions of mutation
Miscellaneous
 i - a piece from Xom's chessboard (15/15)


   Skills:
 - Level 14.4 Short Blades
 + Level 11.3 Dodging
 + Level 16.8 Stealth
 + Level 9.5 Shields
 + Level 12.8 Spellcasting
 - Level 1.2 Conjurations
 + Level 16.2 Hexes
 + Level 5.3 Necromancy
 - Level 2.0 Transmutations
 + Level 3.3 Ice Magic
 - Level 2.0 Earth Magic


You had 14 spell levels left.
You knew the following spells:

 Your Spells              Type           Power      Damage    Failure   Level
a - Confusing Touch       Hex            89%        N/A       1%          3
b - Tukima's Dance        Hex            89%        N/A       1%          3
c - Ensorcelled Hibernat  Hex/Ice        100%       N/A       1%          2
d - Dazzling Flash        Conj/Hex       100%       N/A       1%          3
e - Wereblood             Tmut           32%        N/A       11%         2
f - Stone Arrow           Conj/Erth      60%        3d10      24%         3
g - Slow                  Hex            100%       N/A       1%          1
h - Vampiric Draining     Necr           52%        2d9       5%          3
i - Metabolic Englaciati  Hex/Ice        35%        N/A       8%          5

Your spell library contained the following spells:

 Spells                   Type           Power      Damage    Failure   Level
 Beastly Appendage        Tmut           64%        N/A       7%          1
 Sandblast                Erth           64%        2d14      7%          1
 Magic Dart               Conj           100%       1d8       10%         1
 Passwall                 Tmut/Erth      26%        N/A       11%         2
 Apportation              Tloc           40%        N/A       16%         1
 Call Imp                 Summ           20%        N/A       24%         2
 Spider Form              Tmut/Pois      26%        N/A       30%         3
 Mephitic Cloud           Conj/Pois/Air  22%        N/A       36%         3
 Petrify                  Tmut/Erth      32%        N/A       56%         4
 Olgreb's Toxic Radiance  Pois           20%        N/A       83%         4
 Blade Hands              Tmut           16%        N/A       88%         5
 Irradiate                Conj/Tmut      15%        3d16      92%         5
 Fireball                 Conj/Fire      12%        3d7       98%         5
 Dispersal                Tloc           10%        N/A       100%        6
 Starburst                Conj/Fire      12%        6d5       100%        6
 Statue Form              Tmut/Erth      21%        N/A       100%        6
 Dragon Form              Tmut           16%        N/A       100%        7
 Ozocubu's Refrigeration  Ice            20%        4d12      100%        7
 Disjunction              Tloc           10%        N/A       100%        8
 Ignition                 Fire           10%        3d5       100%        8


Dungeon Overview and Level Annotations

Branches:
Dungeon (15/15)            Temple (1/1) D:4            Lair (5/5) D:11
  Swamp (0/4) Lair:2       Spider (1/4) Lair:3        Slime (0/5) Lair:4
    Orc (2/2) D:11            Elf (1/3) Orc:2        Vaults (0/5) D:14
 Depths (0/4) D:15        Volcano (visited)         Gauntlet (visited)

Altars:
Ashenzari
Cheibriados
Dithmenos
Fedhas
Gozag
Hepliaklqana
Kikubaaqudgha
Makhleb
Nemelex Xobeh
Okawaru
Qazlal
Ru
Sif Muna
Trog
Uskayaw
Vehumet
Wu Jian
Xom
Yredelemnul
Jiyva

Shops:
D:7 *   Orc:1 !   Orc:2 *((**??

Annotations:
D:5 1 runed translucent door, Darkkill's ghost, novice MiCK
Lair:1 3 runed translucent doors, RogueRain17's ghost, novice FeCj
Lair:4 exclusion: oklob plant


Innate Abilities, Weirdness & Mutations

You do not regenerate when monsters are visible.
You are frail without blood (-20% HP).
You can heal yourself when you bite living creatures.
You are immune to poison.
You have razor-sharp teeth.
You have supernaturally acute eyesight. (SInv)
You are afflicted with vampirism and can become a bat while bloodless.


Message History

The ghost crab is lightly damaged.
You block the vampire mosquito's attack.
The spectral emperor scorpion hits you.
You block the spectral emperor scorpion's attack.
The spectral emperor scorpion claws you but does no damage.
You hit the ghost crab.
The ghost crab is lightly damaged.
You block the spectral broodmother's attack.
The ghost crab barely misses you.
The ghost crab claws you but does no damage.
The vampire mosquito bites you but does no damage.
You hit the ghost crab.
The ghost crab is lightly damaged.
The spectral emperor scorpion hits you but does no damage.
The spectral emperor scorpion claws you. x2
The spectral emperor scorpion is distracted by your dazzling golden aura.
You block the vampire mosquito's attack.
The spectral broodmother bites you!!
As you read the scroll of teleportation, it crumbles to dust.
You feel strangely unstable.
The spectral radroach is no longer distracted by gold.
You block the vampire mosquito's attack.
The ghost crab is distracted by your dazzling golden aura.
The spectral emperor scorpion hits you.
You block the spectral emperor scorpion's attack.
The spectral emperor scorpion claws you but does no damage.
The spectral broodmother bites you!
* * * LOW HITPOINT WARNING * * *
[a] - 294 gold - haste and brilliance [b] - 290 gold - haste [c] - 690 gold - brilliance, magic, resistance and invisibility Purchase which effect?
You no longer have enough gold to bribe branches to halt enemies' attacks and recruit allies.
You feel clever all of a sudden. Magic courses through your body.
You feel protected.
You fade into invisibility!
The spectral emperor scorpion is distracted by your dazzling golden aura.
The spectral broodmother bites you!
You die...
Your body crumbles into a pile of gold.

#.....#
#.##......#####.......
###...# #.###....#.#
#........ ###.#
#.###.###### ######### ###
#..#.## ≈#~≈. #### #....#
~....##y$. ##.##.#
#~...#y## ### ##.#.°##
#.$$$# #.###.#...Z#####...
#..$#.#
##....#...Z@tyZ...≈≈≈≈....#
#.........#wZ.~....#.~~..≈
#.#......##.#...~~.≈..~.#≈#
#.##.....#### ..~......≈###
#.#.......## ..~...#.≈#
##..........# ........###
##.##.........# . #....#
#.###..........# #.#.##
####............# ##...##


You could see a tyrant leech (unable to see you), a ghost crab (unable to see
you), 2 spectral emperor scorpions, a spectral broodmother (summoned), a
spectral radroach (summoned) and a vampire mosquito (unable to see you).

Vanquished Creatures
  Frances (D:13)
  Gastronok (Orc:1)
  A broodmother (Spider:1)
  A deep elf annihilator (Orc:2)
  An ettin (D:15)
  Josephine (Lair:3)
  A ghost crab (Spider:1)
  6 hydras
  2 boulder beetles
  An ogre mage (Volcano)
  Erica (D:9)
  A catoblepas (Lair:5)
  A centaur warrior (D:15)
  8 two-headed ogres
  6 death yaks (Lair:5)
  A deep troll shaman (Lair:5)
  4 tengu warriors
  3 dancing weapons
  5 orc high priests (Orc:2)
  2 deep elf knights
  Nergalle (D:12)
  2 sun moths (Spider:1)
  A pharaoh ant (Spider:1)
  A steelbarb worm (Spider:1)
  2 bog bodies (Lair:2)
  2 skeletal warriors (D:13)
  3 lindwurms
  2 orb spiders (Spider:1)
  The ghost of Rudyous the Trooper, a novice MiFi of Gozag (D:6)
  A wizard (D:15)
  4 orc knights
  A necromancer (D:15)
  3 orc sorcerers
  3 deep elf pyromancers
  A deep elf zephyrmancer (Orc:2)
  5 wolf spiders
  4 ugly things
  4 cyclopes
  5 manticores
  2 moths of wrath (Spider:1)
  6 elephants
  4 black mambas
  A rime drake (Lair:5)
  2 demonic crawlers (Spider:1)
  A torpor snail (Spider:1)
  A gargoyle (D:12)
  14 cane toads
  8 kobold demonologists
  6 komodo dragons
  3 yaktaurs (D:15)
  2 efreet (D:13)
  9 trolls
  A troll (shapeshifter) (D:14)
  2 polar bears (Lair:5)
  2 tyrant leeches (Spider:1)
  2 hornets
  Prince Ribbit (D:5)
  4 tarantellas (Spider:1)
  7 blink frogs
  3 slime creatures (D:13)
  11 jumping spiders
  2 water elementals
  6 wyverns
  2 vampires
  5 culicivoras (Spider:1)
  34 yaks
  A shadow (D:9)
  5 basilisks
  4 wraiths (Lair:3)
  8 redbacks (Spider:1)
  12 vampire mosquitoes
  Menkaure (D:4)
  3 acid dragons
  9 wargs
  10 water moccasins
  Duvessa (D:7)
  19 orc warriors
  2 ice beasts
  5 black bears
  6 ogres
  23 wolves
  5 centaurs
  2 phantoms (D:6)
  4 kobold brigands
  12 bullfrogs
  6 gnoll sergeants (D:8)
  4 scorpions
  3 wights (D:7)
  Dowan (D:7)
  8 killer bees
  2 electric eels (Lair:4)
  8 howler monkeys
  A lava snake (D:11)
  39 orc priests
  2 gnoll boudas (D:8)
  5 hounds
  3 jellies
  3 iguanas
  26 orc wizards
  11 adders
  11 gnolls
  4 white imps
  2 ufetubi
  3 worms (D:2)
  3 dart slugs
  99 orcs
  4 endoplasms
  6 giant cockroaches
  12 goblins
  11 hobgoblins
  3 jackals (D:4)
  6 quokkas
  9 ball pythons
  3 bats
  5 frilled lizards
  28 kobolds
  9 rats
707 creatures vanquished.

Vanquished Creatures (collateral kills)
  A red draconian (Volcano)
  A centaur warrior (D:13)
  A catoblepas (Lair:5)
  A two-headed ogre (Volcano)
  Urug (Lair:4)
  A tengu warrior (D:15)
  A deep troll (D:15)
  2 orc knights (D:14)
  An orc sorcerer (D:15)
  A tengu conjurer (Gauntlet)
  A troll (Orc:1)
  A warg (Orc:1)
  6 orc warriors
  3 ogres
  2 centaurs (D:13)
  A killer bee (D:9)
  3 orc priests (Orc:2)
  An orc wizard (Orc:2)
  A gnoll (D:8)
  8 orcs
  5 kobolds (D:9)
43 creatures vanquished.

Vanquished Creatures (others)
  3 tyrant leeches (Spider:1)
  15 dancing weapons
  2 orcs (Orc:1)
  7 fungi
  24 plants
51 creatures vanquished.

Grand Total: 801 creatures vanquished

Notes
Turn   | Place    | Note
-------+----------+-------------------------------------------
     0 | D:1      | smilodon the Vampire Enchanter began the quest for the Orb.
     0 | D:1      | Reached XP level 1. HP: 13/13 MP: 3/3
    98 | D:1      | Found a faded altar of an unknown god.
   133 | D:1      | Got Plato's Enchiridion on Transposition
   231 | D:1      | Reached XP level 2. HP: 19/19 MP: 5/5
   721 | D:2      | Gained mutation: You are afflicted with vampirism and can
                  | become a bat while bloodless. [Vampire growth]
   721 | D:2      | Reached XP level 3. HP: 23/24 MP: 6/6
   800 | D:2      | Reached skill level 5 in Stealth
   800 | D:2      | Reached skill level 5 in Hexes
  1291 | D:2      | Reached XP level 4. HP: 22/30 MP: 7/7
  1470 | D:2      | Learned a level 3 spell: Confusing Touch
  1474 | D:2      | Learned a level 3 spell: Tukima's Dance
  1486 | D:2      | Found the +0 pair of fencer's gloves {Riposte Dex+3}
  2276 | D:3      | Reached XP level 5. HP: 23/28 MP: 8/8
  2647 | D:3      | Noticed an ogre
  2657 | D:3      | Killed an ogre
  2746 | D:3      | Identified a scroll of acquirement
  2746 | D:3      | Acquired a +4 ring of slaying
  2764 | D:4      | Found a staircase to the Ecumenical Temple.
  2780 | Temple   | Entered the Ecumenical Temple
  2916 | Temple   | Became a worshipper of Gozag Ym Sagoz the Greedy
  3014 | D:4      | Reached XP level 6. HP: 29/36 MP: 9/9
  3239 | D:4      | Noticed Menkaure
  3245 | D:4      | Killed Menkaure
  3651 | D:4      | Reached XP level 7. HP: 46/46 MP: 10/10
  3733 | D:4      | Reached skill level 5 in Dodging
  4108 | D:5      | Entered Level 5 of the Dungeon
  4181 | D:5      | Found a runed translucent door.
  4206 | D:5      | Reached skill level 5 in Short Blades
  4229 | D:5      | Noticed Darkkill's ghost (novice MiCK)
  4940 | D:5      | Reached XP level 8. HP: 44/52 MP: 11/11
  5210 | D:6      | Noticed Prince Ribbit
  5359 | D:5      | Killed Prince Ribbit
  5448 | D:6      | Reached skill level 10 in Stealth
  5452 | D:6      | Found a sparkling altar of Nemelex Xobeh.
  5601 | D:6      | Noticed a troll
  5606 | D:6      | Killed a troll
  5719 | D:6      | Found a blossoming altar of Fedhas.
  5765 | D:6      | Found a runed translucent door.
  5769 | D:6      | Noticed Rudyous's ghost (novice MiFi)
  5954 | D:6      | Noticed a cyclops
  6057 | D:6      | Killed a cyclops
  6058 | D:6      | Reached XP level 9. HP: 49/57 MP: 8/12
  6236 | D:7      | Noticed Duvessa
  6236 | D:7      | Noticed Dowan
  6277 | D:6      | Killed Rudyous's ghost
  6531 | D:7      | Found Leuzxer's Neck Hole.
  7100 | D:7      | Acquired 824 gold pieces
  7172 | D:7      | Bought the amulet of the Sturgeon {Reflect Dex+2 SH+5} for
                  | 494 gold pieces
  7311 | D:7      | Killed Duvessa
  7709 | D:7      | Killed Dowan
  8201 | D:8      | Reached XP level 10. HP: 63/63 MP: 13/13
  8508 | D:8      | Learned a level 2 spell: Ensorcelled Hibernation
  8756 | D:8      | Found the +3 woodcutter's axe {vorpal}
  8759 | D:8      | Identified the +6 hand axe of Uwups {freeze, rElec Will+}
  9048 | D:8      | Found a hazy altar of Hepliaklqana.
  9220 | D:8      | Paralysed by a hornet for 2 turns
  9235 | D:8      | Reached skill level 10 in Dodging
  9569 | D:9      | Reached skill level 10 in Short Blades
  9880 | D:9      | You fall into a shaft and drop 3 floors!
  9918 | D:12     | Noticed a brown ugly thing
 10262 | D:12     | Noticed a boulder beetle
 10288 | D:12     | Noticed a two-headed ogre
 10294 | D:12     | Killed a two-headed ogre
 10295 | D:12     | Reached skill level 15 in Stealth
 10302 | D:12     | Learned a level 3 spell: Dazzling Flash
 10443 | D:12     | Reached skill level 1 in Conjurations
 10443 | D:12     | Reached XP level 11. HP: 45/54 MP: 17/17
 10614 | D:11     | Noticed a two-headed ogre
 10651 | D:11     | Reached skill level 5 in Spellcasting
 10663 | D:11     | Killed a two-headed ogre
 10818 | D:11     | Found a staircase to the Lair.
 10948 | D:11     | Noticed a two-headed ogre
 10973 | D:10     | Entered Level 10 of the Dungeon
 11037 | D:10     | Found a broken altar of Ashenzari.
 11533 | D:10     | Reached skill level 10 in Hexes
 11656 | D:10     | Learned a level 2 spell: Wereblood
 11812 | D:9      | Noticed Erica
 11829 | D:9      | Killed Erica
 12833 | D:11     | Noticed a sun demon
 12873 | D:11     | Noticed a soul eater
 12879 | D:10     | Reached XP level 12. HP: 72/74 MP: 18/22
 12888 | D:10     | Reached skill level 1 in Transmutations
 12897 | D:10     | Reached skill level 1 in Earth Magic
 13132 | D:10     | Killed a two-headed ogre
 13375 | D:11     | Found a staircase to the Orcish Mines.
 13514 | D:12     | Noticed a tengu warrior
 13514 | D:12     | Noticed a tengu warrior
 13527 | D:12     | Killed a tengu warrior
 13531 | D:12     | Killed a tengu warrior
 13603 | D:12     | Noticed Nergalle
 13612 | D:12     | Killed Nergalle
 13625 | D:12     | Killed a boulder beetle
 14391 | D:13     | Noticed Frances
 14395 | D:13     | Found a gate leading to a gauntlet.
 14407 | D:13     | Killed Frances
 14414 | D:13     | Noticed a boulder beetle
 14416 | Gauntlet | Entered a Gauntlet
 14416 | Gauntlet | Found a transporter.
 14417 | Gauntlet | Noticed a tengu warrior
 14433 | Gauntlet | Found a transporter.
 14450 | Gauntlet | Found a transporter.
 14454 | Gauntlet | Found a transporter.
 14464 | Gauntlet | Found a transporter.
 14466 | Gauntlet | Found a transporter.
 14469 | Gauntlet | Noticed a green death
 14477 | Gauntlet | Found a transporter.
 14494 | Gauntlet | Found the +8 whip "Snakebite" {venom, curare, rPois}
 14495 | Gauntlet | Found a transporter.
 14509 | Gauntlet | Found a transporter.
 14512 | Gauntlet | Found a transporter.
 14512 | Gauntlet | Noticed a tengu warrior
 14522 | Gauntlet | Found a transporter.
 14523 | Gauntlet | Found a transporter.
 14654 | Gauntlet | Killed a tengu warrior
 14669 | Gauntlet | Identified the ring of Polytheism {rN+ AC+4}
 14761 | Gauntlet | Identified the +7 sling of the Onslaught {flame, rF+}
 14972 | Gauntlet | Noticed a minotaur
 14999 | Gauntlet | Identified the +3 great sword "Concordance" {flame, *Slow
                  | rN+ Stlth+}
 15098 | D:12     | Acquired the +2 helmet of Oblivion {rF++ Regen+ Dex-5
                  | Slay+2}
 15222 | D:13     | Killed a boulder beetle
 15414 | D:13     | Noticed a five-headed hydra
 15566 | D:13     | Killed a five-headed hydra
 15656 | D:13     | Noticed a centaur warrior
 15681 | D:13     | Killed a centaur warrior
 15682 | D:13     | Reached XP level 13. HP: 79/79 MP: 23/25
 16027 | D:12     | Learned a level 3 spell: Stone Arrow
 16113 | D:13     | Reached skill level 1 in Shields
 16216 | Orc:1    | Entered Level 1 of the Orcish Mines
 16575 | Orc:1    | Noticed Gastronok
 16690 | Orc:1    | You fall into a shaft and drop 1 floor!
 16690 | Orc:2    | Entered Level 2 of the Orcish Mines
 16760 | Orc:2    | Found Fogoqic's Assorted Antiques.
 16775 | Orc:2    | Bought a scroll of enchant weapon for 195 gold pieces
 16775 | Orc:2    | Bought a bubbling red potion for 23 gold pieces
 16922 | Orc:1    | Found Keqyczege's Distillery.
 16930 | Orc:1    | Bought a potion of curing for 42 gold pieces
 16930 | Orc:1    | Bought a potion of invisibility for 112 gold pieces
 16930 | Orc:1    | Bought a potion of invisibility for 112 gold pieces
 16930 | Orc:1    | Bought a potion of curing for 42 gold pieces
 16930 | Orc:1    | Bought a potion of curing for 42 gold pieces
 17074 | Orc:2    | Found Iwnixy's Magic Scroll Emporium.
 17453 | Orc:2    | Found a staircase to the Elven Halls.
 17615 | Orc:2    | Found Ecruud's Weapon Shoppe.
 17912 | Orc:2    | Found a bloodstained altar of Trog.
 17995 | Orc:2    | Found Cionasim's Weapon Boutique.
 18004 | Orc:2    | Found Culikkest's General Store.
 18160 | Orc:2    | Found Igaozath's Assorted Antiques.
 18193 | Orc:2    | Bought a scroll of teleportation for 78 gold pieces
 18193 | Orc:2    | Bought a scroll of teleportation for 78 gold pieces
 18200 | Orc:2    | Found Qoanis's Magic Scroll Boutique.
 18231 | Orc:2    | Bought a scroll of teleportation for 42 gold pieces
 18231 | Orc:2    | Bought a scroll of enchant armour for 105 gold pieces
 18547 | Orc:1    | Reached skill level 15 in Hexes
 18793 | Orc:1    | Killed Gastronok
 19108 | Lair:1   | Entered Level 1 of the Lair of Beasts
 19152 | Lair:1   | Found a dark tunnel.
 19157 | Volcano  | Entered a volcano
 19181 | Volcano  | Found a radiant altar of Vehumet.
 19333 | Volcano  | Reached skill level 10 in Spellcasting
 19340 | Volcano  | Noticed a red draconian
 19392 | Volcano  | Killed a red draconian
 19701 | Orc:2    | Bought a scroll of acquirement for 936 gold pieces
 19701 | Orc:2    | Acquired a book of Debilitation
 19707 | Orc:2    | Learned a level 1 spell: Slow
 19711 | Orc:2    | Learned a level 3 spell: Vampiric Draining
 19889 | Lair:1   | Reached XP level 14. HP: 70/85 MP: 28/28
 19893 | Lair:1   | Reached skill level 5 in Shields
 19893 | Lair:1   | Reached skill level 1 in Necromancy
 20024 | Lair:1   | Found a runed translucent gate.
 20024 | Lair:1   | Found a runed translucent gate.
 20024 | Lair:1   | Found a runed translucent gate.
 20024 | Lair:1   | You fall into a shaft and drop 1 floor!
 20523 | Lair:1   | Noticed RogueRain17's ghost (novice FeCj)
 20528 | Lair:1   | Identified the +0 ring mail of Recklessness {Regen+ Str+3
                  | Slay-3}
 20901 | Lair:2   | Found a staircase to the Swamp.
 22205 | Lair:3   | Noticed Josephine
 22232 | Lair:3   | Killed Josephine
 22471 | Lair:3   | Found a hole to the Spider Nest.
 22626 | Lair:4   | Found a viscous altar of Jiyva.
 22627 | Lair:4   | Found a staircase to the Slime Pits.
 22683 | Lair:4   | Found a blossoming altar of Fedhas.
 23132 | Lair:4   | Noticed Urug
 23136 | Lair:4   | Paralysed by Urug for 2 turns
 23153 | Lair:4   | Killed Urug
 23512 | Lair:5   | Entered Level 5 of the Lair of Beasts
 24794 | Lair:5   | Reached XP level 15. HP: 90/90 MP: 26/31
 24944 | Lair:5   | Identified the +5 falchion of Gallantry {drain, rN+}
 24964 | Lair:5   | Learned a level 5 spell: Metabolic Englaciation
 25476 | Elf:1    | Entered Level 1 of the Elven Halls
 26116 | D:14     | Found a gate to the Vaults.
 26845 | D:14     | Found a broken altar of Ashenzari.
 26932 | D:13     | Reached skill level 1 in Ice Magic
 27521 | D:15     | Entered Level 15 of the Dungeon
 28091 | D:15     | Found a staircase to the Depths.
 28512 | Spider:1 | Entered Level 1 of the Spider Nest
 29462 | Spider:1 | Reached skill level 5 in Necromancy
 30440 | Spider:1 | Slain by a spectral broodmother

Illustrated notes

Levels and vault maps discovered:
D:1:      evilmike_arrival_fibonacci_small, layout_basic, serial_curves,
          eino_curves_02, eino_curves_03, shapermc_ecumenical_altar_rom_forum
D:2:      layout_basic
D:3:      layout_rooms
D:4:      layout_layer_cave, minmay_temple_entry_statues, minmay_misc_feat_x,
          uniq_menkaure
D:5:      layout_loops_corners, ebering_ghost_sewer_d
D:6:      minmay_clustersquares, layout_loops_ring,
          nemelex_diamond_rough_becter, mainiacjoe_overflow_paths,
          ebering_ghost_reflecting_pool, chequers_serial_rivers_small_b,
          uniq_prince_ribbit1
D:7:      corexii_shantytown, layout_loops_cross, nrook_uturn,
          nicolae_shop_sticking_my_neck_out, uniq_duvessa
D:8:      layout_basic, marbit_many_paths, pf_guarded_unrand_woodcutter
D:9:      layout_stronghold, minivault_4, hangedman_abyss_or_decor_passed,
          uniq_erica
D:10:     layout_irregular_city, general_overflow_altar,
          kennysheep_big_empty_room
D:11:     layout_big_octagon, david_lair_generic, orc_0_dummy, serial_glass,
          glass_columns_a, glass_columns_c, glass_columns_b, glass_columns_c,
          glass_columns_a, glass_columns_c, glass_columns_b, glass_columns_a
D:12:     layout_basic, uniq_nergalle
D:13:     layout_rooms, gauntlet_entry_generic, drop_trap, uniq_frances
D:14:     layout_stronghold, erik_vaults_1, nicolae_ashenzari_skybound,
          nooodl_orcs_dogs
D:15:     hangedman_depths_entry_civil_slaughter, layout_basic,
          minmay_misc_feat_roman
Temple:   compressed_dpeg_circular_temple
Lair:1:   layout_roguey, enter_volcano_4, gammafunk_ghost_split,
          grunt_megastairs_2
Lair:2:   layout_cave_pods, skrybe_swamp_entry_bodies
Lair:3:   layout_gridlike, spider_nest_entry_funnel_web, uniq_josephine
Lair:4:   layout_hall_layers, slime_entry_1, tgw_fedhas, serial_bayou_shore_a,
          uniq_urug
Lair:5:   grunt_lair_end_beastmaster, layout_regular_city, grunt_megastairs_5
Spider:1: layout_chambers, nicolae_spider_swamp_cousins
Orc:1:    layout_diamond_mine, serial_shops, shop_coins, uniq_gastronok
Orc:2:    st_orc_town, layout_caves, basic_altar, serial_shops,
          nicolae_shop_crystal, shop, nicolae_shop_hallway_stairs,
          lemuel_statue_altar, nicolae_orc_lava_room
Elf:1:    eino_elf_arrival_sip, layout_gridlike, minmay_elf_necromancy,
          minmay_shop_grove

Skill      XL: |  1  2  3  4  5  6  7  8  9 10 11 12 13 14 15 |
---------------+----------------------------------------------+-----
Short Blades   | 2 3 4 5 7 9 10 11 13 14 | 14.4
Stealth        | 5 6 7 9 11 13 15 16 | 16.8
Hexes          | 5 7 11 13 15 16 | 16.2
Dodging        | 3 4 6 7 9 10 11 | 11.3
Spellcasting   | 4 6 8 10 12 | 12.8
Conjurations   | 1 |  1.2
Transmutations | 2 |  2.0
Earth Magic    | 2 |  2.0
Shields        | 4 8 9 |  9.5
Necromancy     | 3 5 |  5.3
Ice Magic      | 3 |  3.3

Action                   |  1- 3 |  4- 6 |  7- 9 | 10-12 | 13-15 || total
-------------------------+-------+-------+-------+-------+-------++-------
Melee: Dagger            |    98 |   142 |   243 |       |   188 ||   671
       Bite              |     4 |    21 |    47 |   126 |   350 ||   548
       Punch             |       |     2 |     8 |     5 |       ||    15
       Short sword       |       |    69 |    51 |       |       ||   120
       Rapier            |       |       |    59 |   935 |  2151 ||  3145
       Unarmed           |       |       |     2 |       |       ||     2
Throw: Dart              |       |       |    22 |    14 |    38 ||    74
 Cast: Tukima's Dance    |       |       |     3 |    41 |    67 ||   111
       Confusing Touch   |       |       |     5 |     6 |    12 ||    23
       Dazzling Flash    |       |       |       |    17 |    55 ||    72
       Ensorcelled Hiber |       |       |       |     1 |     6 ||     7
       Stone Arrow       |       |       |       |       |    15 ||    15
       Wereblood         |       |       |       |       |    11 ||    11
       Vampiric Draining |       |       |       |       |    31 ||    31
       Slow              |       |       |       |       |    14 ||    14
       Metabolic Englaci |       |       |       |       |     8 ||     8
Invok: Potion Petition   |       |       |     1 |     4 |     5 ||    10
 Abil: Exsanguinate      |       |     1 |       |     1 |     1 ||     3
       Revivify          |       |     1 |       |     1 |       ||     2
Evoke: Wand              |       |       |     2 |     2 |     2 ||     6
  Use: Scroll            |     3 |     3 |    11 |    11 |    19 ||    47
       Potion            |     2 |     4 |     6 |     2 |     4 ||    18
 Stab: Sleeping          |    14 |    12 |    27 |    24 |    40 ||   117
       Invisible         |       |     1 |     1 |    11 |    42 ||    55
       Distracted        |       |       |     2 |     7 |    15 ||    24
       Confused          |       |       |     2 |     3 |     8 ||    13
       Petrified         |       |       |       |     1 |     2 ||     3
       Petrifying        |       |       |       |       |     1 ||     1
Armor: Robe              |    10 |       |       |       |       ||    10
       Ring mail         |    13 |    85 |    67 |       |   445 ||   610
       Leather armour    |       |       |     5 |   279 |   148 ||   432
Dodge: Dodged            |    31 |    74 |   146 |   570 |   770 ||  1591
Block: Other             |       |       |     9 |   151 |       ||   160
       Reflection        |       |       |       |    12 |    19 ||    31
       Buckler           |       |       |       |    86 |   975 ||  1061
